 Dungeon Crawl Stone Soup version 0.19.1 (webtiles) character file.

6932 Ice the Basher (level 10, -1/83 HPs)
             Began as a Minotaur Berserker on Dec 10, 2016.
             Was an Elder of Trog.
             Slain by a porcupine (8 damage)
             ... on level 9 of the Dungeon.
             The game lasted 00:37:05 (7831 turns).

Ice the Basher (Minotaur Berserker)                 Turns: 7831, Time: 00:37:05

Health: -1/83      AC: 10    Str: 24    XL:     10   Next: 80%
Magic:  9/9        EV:  9    Int:  4    God:    Trog [****..]
Gold:   398        SH: 16    Dex: 11    Spells: 0 memorised, 9 levels left

rFire  + . .     SeeInvis .     F - +6 morningstar (freeze)
rCold  + . .     Gourm    +     d - +2 scale mail {rF+}
rNeg   . . .     Faith    .     P - +0 large shield
rPois  .         Spirit   .     (helmet restricted)
rElec  .         Reflect  .     (no cloak)
rCorr  .         Harm     .     p - +0 pair of gloves
MR     +....                    (no boots)
Stlth  ..........               e - amulet of the gourmand
                                J - ring of protection from magic
                                s - ring of protection from cold

@: no status effects
A: retaliatory headbutt, hooves 1, horns 2
a: Berserk, Trog's Hand, Brothers in Arms, Burn Spellbooks, Renounce Religion


You were on level 9 of the Dungeon.
You worshipped Trog.
Trog was greatly pleased with you.
You were not hungry.

You visited 1 branch of the dungeon, and saw 9 of its levels.

You collected 398 gold pieces.

Inventory:

Hand Weapons
 F - a +6 morningstar of freezing (weapon)
 N - a +1 mace of holy wrath
 Q - a +1 fustibalus
 S - a +0 shortbow
 T - a +2 battleaxe
Missiles
 a - 8 poisoned javelins
 g - 83 bolts
 h - 176 arrows
 i - 76 sling bullets
 n - 229 stones (quivered)
 x - 2 throwing nets
 C - 14 poisoned needles
 R - 6 tomahawks
Armour
 d - a +2 scale mail of fire resistance (worn)
 p - a +0 pair of gloves (worn)
 P - a +0 large shield (worn)
Jewellery
 e - an amulet of the gourmand (around neck)
 s - a ring of protection from cold (left hand)
 B - an uncursed ring of ice
 J - a ring of protection from magic (right hand)
 W - an uncursed ring of protection from fire
Wands
 v - a wand of random effects (8/48)
 y - a wand of lightning (9/15)
 G - a wand of polymorph (12/24)
 U - a wand of paralysis (13/24)
 V - a wand of confusion (41/48)
Scrolls
 b - 3 scrolls of blinking
 j - a scroll of fog
 m - a scroll of amnesia {unknown}
 r - 3 scrolls of fear
 u - a scroll of teleportation
 E - a scroll of noise {unknown}
 O - 2 scrolls of enchant armour {unknown}
 X - a scroll of vulnerability {unknown}
Potions
 l - a potion of magic {unknown}
 o - a potion of invisibility {unknown}
 q - 3 potions of curing
 t - 2 potions of agility {unknown}
 A - a potion of ambrosia {unknown}
 D - a potion of degeneration {unknown}
 H - a potion of resistance {unknown}
 I - 4 potions of haste {unknown}
 K - 2 potions of berserk rage {unknown}
Books
 w - a book of Cantrips

   Spells                             Type                      Level
   a - Confusing Touch                Hexes                        1
   b - Animate Skeleton               Necromancy                   1
   c - Summon Small Mammal            Summoning                    1
   d - Apportation                    Translocation                1
   Trog disapproves of the use of such an item.
 L - a book of Maledictions

   Spells                             Type                      Level
   a - Corona                         Hexes                        1
   b - Ensorcelled Hibernation        Hexes/Ice                    2
   c - Confuse                        Hexes                        3
   d - Tukima's Dance                 Hexes                        3
   e - Dazzling Spray                 Conjuration/Hexes            3
   Trog disapproves of the use of such an item.
 Y - a book of Callings

   Spells                             Type                      Level
   a - Summon Small Mammal            Summoning                    1
   b - Call Imp                       Summoning                    2
   c - Call Canine Familiar           Summoning                    3
   d - Summon Guardian Golem          Hexes/Summoning              3
   e - Summon Lightning Spire         Summoning/Air                4
   f - Summon Ice Beast               Ice/Summoning                4
   Trog disapproves of the use of such an item.
Comestibles
 c - 9 bread rations
 f - 7 beef jerkies
 z - 4 meat rations
 M - a royal jelly


   Skills:
 - Level 6.2 Fighting
 + Level 14.9 Maces & Flails
 - Level 1.4(3.0) Slings
 - Level 3.6(3.8) Throwing
 - Level 5.7 Armour
 - Level 6.0 Dodging
 - Level 6.1 Shields


You had 9 spell levels left.
You didn't know any spells.

Dungeon Overview and Level Annotations

Branches:
Dungeon (9/15)               Lair (0/6) D:9
 Temple: D:4-7          Orc: D:9-12

Altars:
Fedhas
Ru
Sif Muna

Annotations:
D:5 1 runed door
D:9 Maurice


Innate Abilities, Weirdness & Mutations

You reflexively headbutt those who attack you in melee.
You have a pair of horns on your head.
You have large cloven feet.


Message History

Trog accepts your kill.
A hound comes into view.
The hound barks!
You are struck by the porcupine's spines.
* * * LOW HITPOINT WARNING * * *
You closely miss the porcupine. Your kick misses the porcupine.
The porcupine bites you.
* * * LOW HITPOINT WARNING * * *
You are too injured to fight recklessly!
You are too injured to fight recklessly!
You are struck by the porcupine's spines.
* * * LOW HITPOINT WARNING * * *
You hit the porcupine. You freeze the porcupine.
You kick the porcupine, but do no damage.
Your headbutt misses the porcupine.
The porcupine is heavily wounded.
You block the porcupine's attack.
An orc comes into view. It is wielding a short sword.
The porcupine bites you!
You die...

.......#...#.....#......
.......'...#.....#......
..=....###....♣..#......
'##..............#....
..#..<............... #####
..#................####....o
..#..........P..!...........
..#...............♣.........
..#.........P.♣.@rh...#
###.....♣...>..P....#.#
.........♣.P.....♣..#.+
####..P..P....♣PP...#.#
#................#.#
#...P.......♣....#.#
#.....PPP..P♣......#
#..##.............(. ..
###♣...........


You could see a porcupine and a hound.

Vanquished Creatures
  The ghost of Ice the Archer, a novice MiBe of Trog (D:9)
  The ghost of bmwyatt74 the Carver, a novice MiFi of Vehumet (D:7)
  The ghost of bande the Chopper, a novice HOFi of the Shining One (D:5)
  Eustachio (D:6)
  11 yaks
  2 water moccasins
  3 porcupines
  2 orc warriors
  3 ice beasts
  A sky beast (D:9)
  The ghost of Sin92 the Shield-Bearer, an amateur DDFi (D:3)
  2 ogres
  2 centaurs (D:8)
  Blork the orc (D:5)
  2 bullfrogs
  5 scorpions
  A water moccasin skeleton (D:6)
  8 killer bees (D:8)
  10 wights
  A howler monkey (D:5)
  An electric eel (D:6)
  3 crimson imps
  3 hounds
  3 jellies
  2 orc priests (D:4)
  2 bullfrog skeletons
  2 centaur skeletons (D:8)
  2 orc wizards
  2 iguanas (D:8)
  Terence (D:2)
  4 worker ants
  A howler monkey zombie (D:6)
  A worker ant zombie (D:7)
  2 river rats (D:9)
  7 adders
  A shadow imp (D:7)
  3 oozes
  2 worms
  2 dart slugs (D:1)
  4 leopard geckos
  21 orcs
  2 ball pythons
  4 giant cockroaches
  5 goblins
  6 hobgoblins
  10 jackals
  4 kobolds
  4 quokkas
  11 bats
  6 frilled lizards
  A leopard gecko skeleton (D:8)
  9 rats
  A plant (D:6)
191 creatures vanquished.

Vanquished Creatures (others)
  A fungus (D:9)
1 creature vanquished.

Grand Total: 192 creatures vanquished

Notes
Turn   | Place    | Note
-------+----------+-------------------------------------------
     0 | D:1      | Ice the Minotaur Berserker began the quest for the Orb.
     0 | D:1      | Reached XP level 1. HP: 19/19 MP: 0/0
    82 | D:1      | Reached XP level 2. HP: 26/26 MP: 1/1
   383 | D:1      | Reached XP level 3. HP: 30/31 MP: 2/2
   450 | D:1      | Reached ** piety under Trog
   741 | D:2      | Gained mutation: You have large cloven feet. [potion of beneficial mutation]
   848 | D:2      | Reached XP level 4. HP: 39/39 MP: 3/3
   897 | D:2      | Noticed Terence
   916 | D:2      | Killed Terence
   916 | D:2      | Reached skill level 5 in Dodging
  1285 | D:3      | Noticed Sin92's ghost (amateur DDFi)
  1308 | D:3      | Killed Sin92's ghost
  1308 | D:3      | Reached skill level 5 in Fighting
  1308 | D:3      | Reached XP level 5. HP: 26/48 MP: 4/4
  1567 | D:3      | Found a sacrificial altar of Ru.
  1572 | D:3      | Reached skill level 4 in Maces & Flails
  1746 | D:3      | Reached *** piety under Trog
  2009 | D:4      | Reached XP level 6. HP: 52/56 MP: 5/5
  2157 | D:4      | Reached skill level 5 in Armour
  2236 | D:4      | Reached XP level 7. HP: 42/61 MP: 6/6
  2275 | D:5      | Entered Level 5 of the Dungeon
  2394 | D:5      | Noticed Blork the orc
  2400 | D:5      | Noticed bande's ghost (novice HOFi)
  2401 | D:5      | Killed Blork the orc
  2401 | D:5      | Reached skill level 5 in Maces & Flails
  2413 | D:5      | Killed bande's ghost
  2413 | D:5      | Reached XP level 8. HP: 24/69 MP: 7/7
  2757 | D:5      | Found a deep blue altar of Sif Muna.
  2757 | D:5      | Found a blossoming altar of Fedhas.
  2846 | D:5      | Found a runed door.
  3356 | D:6      | Reached skill level 6 in Maces & Flails
  3383 | D:6      | Reached skill level 7 in Maces & Flails
  3547 | D:6      | Reached skill level 8 in Maces & Flails
  3714 | D:6      | Reached skill level 9 in Maces & Flails
  3881 | D:6      | Noticed Eustachio
  3898 | D:6      | Killed Eustachio
  3898 | D:6      | Reached skill level 10 in Maces & Flails
  3898 | D:6      | Reached XP level 9. HP: 74/74 MP: 8/8
  4737 | D:7      | Reached **** piety under Trog
  4770 | D:7      | Noticed bmwyatt74's ghost (novice MiFi)
  4783 | D:7      | Killed bmwyatt74's ghost
  4783 | D:7      | Reached skill level 11 in Maces & Flails
  5266 | D:7      | Reached skill level 1 in Throwing
  5848 | D:8      | Received a gift from Trog
  6041 | D:8      | Reached skill level 1 in Slings
  6342 | D:9      | Reached skill level 12 in Maces & Flails
  6342 | D:9      | Reached XP level 10. HP: 73/83 MP: 9/9
  6385 | D:9      | Noticed Ice's ghost (novice MiBe)
  6419 | D:9      | Found a staircase to the Lair.
  6433 | D:8      | Reached skill level 13 in Maces & Flails
  6811 | D:9      | Noticed Maurice
  7760 | D:9      | Killed Ice's ghost
  7760 | D:9      | Reached skill level 14 in Maces & Flails
  7831 | D:9      | Slain by a porcupine

Skill      XL: |  1  2  3  4  5  6  7  8  9 10 |
---------------+-------------------------------+-----
Dodging        | 3 4 5 6 |  6.0
Fighting       | 5 6 |  6.2
Maces & Flails | 4 5 10 12 14 | 14.9
Armour         | 3 5 |  5.7
Shields        | 6 |  6.1
Throwing       | 3 |  3.6
Slings         | 1 |  1.4

Action                   |  1- 3 |  4- 6 |  7- 9 | 10-12 || total
-------------------------+-------+-------+-------+-------++-------
Melee: Mace              |    67 |    93 |     7 |    27 ||   194
       Headbutt          |     8 |    30 |    30 |    16 ||    84
       Kick              |     3 |    29 |    48 |    23 ||   103
       Morningstar       |       |     4 |   201 |    60 ||   265
 Fire: Fustibalus        |       |       |    15 |    13 ||    28
Throw: Stone             |    53 |    65 |   146 |     1 ||   265
       Throwing net      |       |     2 |       |       ||     2
Invok: Berserk           |       |     1 |     3 |     4 ||     8
  Use: Scroll            |     5 |     2 |    10 |     1 ||    18
       Potion            |     1 |       |       |       ||     1
 Stab: Sleeping          |     1 |       |       |       ||     1
       Held in net/web   |       |     1 |       |       ||     1
  Eat: Chunk             |     4 |    15 |    15 |     1 ||    35
Armor: Animal skin       |    26 |     1 |       |       ||    27
       Scale mail        |       |    20 |    37 |    28 ||    85
Dodge: Dodged            |    52 |    70 |    45 |    30 ||   197
Block: Buckler           |       |       |     1 |       ||     1
       Large shield      |       |       |   120 |   104 ||   224
